 Dungeon Crawl Stone Soup version 0.29-a0-352-g0917bc69df (webtiles) character file.

Game seed: 11074747150133672042

108127 Agony the Fencer (level 16, -14/137 (138) HPs)
             Began as a Demonspawn Gladiator on Apr 24, 2022.
             Was the Champion of Dithmenos.
             Demolished by a swamp worm (18 damage)
             ... on level 4 of the Swamp on Apr 25, 2022.
             The game lasted 02:14:37 (29133 turns).

Agony the Fencer (Demonspawn Gladiator)            Turns: 29133, Time: 02:14:38

HP:   -14/137 (138) AC: 17    Str: 22    XL:     16   Next: 1%
MP:   12/16         EV: 16    Int: 11    God:    Dithmenos [******]
Gold: 1302          SH:  0    Dex: 22    Spells: 15/15 levels left

rFire   + . .      SeeInvis +   J - +1 triple sword (freeze)
rCold   . . .      Faith    .   (shield currently unavailable)
rNeg    + + .      Spirit   .   s - +0 swamp dragon scales
rPois   +          Reflect  .   O - +0 mask of the Dragon {Will+ Slay+3 SInv}
rElec   .          Harm     .   (cloak unavailable)
rCorr   .          Rampage  .   U - +2 pair of gloves
Will    +++..                   D - +1 pair of boots of Fainaq {Contam rN++ Dex+4 Slay+3}
Stlth   +.........              M - amulet "Idaz" {Acrobat Regen+ Str+4}
HPRegen 1.12/turn               d - ring "Cahutor" {Wiz Will+}
MPRegen 0.15/turn               l - ring of protection from fire

@: wreathed by umbra, lightly drained, very slow
A: yellow scales 2, demonic guardian 3, ignite blood 2, weakness stinger 3
a: Renounce Religion, Shadow Step, Shadow Form


You were on level 4 of the Swamp.
You worshipped Dithmenos.
Dithmenos was exalted by your worship.
You visited 5 branches of the dungeon, and saw 26 of its levels.
You also visited: Bailey.

You collected 2270 gold pieces.
You spent 968 gold pieces at shops.

Inventory:

Hand Weapons
 a - a +0 trident
 c - the +2 arbalest "Ivvatae" {flame, rCorr Str+3 Int+2}
   (You found it on level 6 of the Lair of Beasts)

   Any ammunition fired from it burns those it strikes, dealing additional fire
   damage.
   Str:       It affects your strength (+3).
   Int:       It affects your intelligence (+2).
   rCorr:     It protects you from acid and corrosion.
 j - a +3 scimitar of flaming
 J - a +1 triple sword of freezing (weapon)
Missiles
 w - 7 throwing nets
 x - 7 javelins
Armour
 h - a +4 ring mail
 s - +0 swamp dragon scales (worn)
 D - the +1 pair of boots of Fainaq (worn) {Contam rN++ Dex+4 Slay+3}
   (You found it on level 5 of the Dungeon)

   Dex:       It affects your dexterity (+4).
   Slay:      It affects your accuracy & damage with ranged weapons and melee
   (+3).
   rN:        It greatly protects you from negative energy.
   Contam:    It causes magical contamination when unequipped.
 G - a +2 hat
 O - the +0 mask of the Dragon (worn) {Will+ Slay+3 SInv}
   (You bought it in a shop on level 2 of the Orcish Mines)

   Slay:      It affects your accuracy & damage with ranged weapons and melee
   (+3).
   SInv:      It lets you see invisible.
   Will:      It increases your willpower.
 Q - a +2 cloak
 U - a +2 pair of gloves (worn)
Jewellery
 d - the ring "Cahutor" (left hand) {Wiz Will+}
   (You found it on level 6 of the Lair of Beasts)

   [ring of wizardry]

   It improves your spell success rate.
   Will:      It increases your willpower.
 l - a ring of protection from fire (right hand)
 I - a ring of flight
 L - an amulet of regeneration
 M - the amulet "Idaz" (around neck) {Acrobat Regen+ Str+4}
   (You found it on level 9 of the Dungeon)

   [amulet of the acrobat]

   It increases your evasion while moving and waiting.
   Str:       It affects your strength (+4).
   Regen:     It increases your rate of health regeneration.
 W - the amulet "Fytiraap" {Spirit SInv Stlth+}
   (You found it on level 4 of the Lair of Beasts)

   [amulet of guardian spirit]

   It causes incoming damage to be divided between your reserves of health and
   magic.
   SInv:      It lets you see invisible.
   Stlth:     It makes you more stealthy.
Wands
 n - a wand of polymorph (12)
 q - a wand of flame (27) (quivered)
 A - a wand of mindburst (15)
 B - a wand of paralysis (20)
 K - a wand of digging (9)
 R - a wand of charming (16)
Scrolls
 b - 3 scrolls of enchant armour
 f - 2 scrolls of teleportation
 g - 5 scrolls of amnesia
 k - 2 scrolls of fear
 m - 3 scrolls of identify
 o - a scroll of fog
 p - 3 scrolls of vulnerability
 r - 4 scrolls of immolation
 u - a scroll of magic mapping
 y - 2 scrolls of brand weapon
 C - 2 scrolls of torment
Potions
 e - 3 potions of mutation
 i - 2 potions of flight
 t - a potion of cancellation
 v - 5 potions of curing
 z - 2 potions of attraction
 E - 2 potions of magic
 F - a potion of might
 H - a potion of berserk rage {unknown}
 N - 3 potions of resistance
 P - 4 potions of brilliance


   Skills:
 + Level 15.8 Fighting
 * Level 18.6 Long Blades
 - Level 6.2 Polearms
 - Level 5.8 Throwing
 + Level 6.9 Armour
 + Level 7.7 Dodging


You had 15 spell levels left.
You didn't know any spells.
Your spell library contained the following spells:

 Spells                   Type           Power      Damage    Failure   Level
 Shock                    Conj/Air       0%         1d3       21%         1
 Summon Small Mammal      Summ           0%         N/A       21%         1
 Blink                    Tloc           0%         N/A       32%         2
 Ensorcelled Hibernation  Hex/Ice        0%         N/A       32%         2
 Scorch                   Fire           0%         2d5       32%         2
 Call Canine Familiar     Summ           0%         N/A       52%         3
 Confusing Touch          Hex            0%         N/A       52%         3
 Lesser Beckoning         Tloc           0%         N/A       52%         3
 Ozocubu's Armour         Ice            0%         N/A       52%         3
 Spider Form              Tmut/Pois      0%         N/A       52%         3
 Summon Guardian Golem    Hex/Summ       0%         N/A       52%         3
 Swiftness                Air            0%         N/A       52%         3
 Airstrike                Air            0%         N/A       88%         4
 Anguish                  Hex/Necr       0%         N/A       88%         4
 Flame Wave               Conj/Fire      0%         2d4       88%         4
 Fireball                 Conj/Fire      0%         3d3       99%         5
 Iskenderun's Battlesphe  Conj           0%         2d6       99%         5
 Manifold Assault         Tloc           0%         N/A       99%         5
 Yara's Violent Unravell  Hex/Tmut       0%         3d3       99%         5
 Conjure Ball Lightning   Conj/Air       0%         3x3d6     100%        6
 Iron Shot                Conj/Erth      0%         9d1       100%        6
 Summon Cactus Giant      Summ           0%         N/A       100%        6
 Enfeeble                 Hex            0%         N/A       100%        7
 Orb of Destruction       Conj           0%         9d5       100%        7
 Ozocubu's Refrigeration  Ice            0%         4d5       100%        7
 Spellforged Servitor     Conj/Summ      0%         N/A       100%        7
 Chain Lightning          Conj/Air       0%         N/A       100%        9
 Fire Storm               Conj/Fire      0%         5d1       100%        9
 Shatter                  Erth           0%         3d5*      100%        9


Dungeon Overview and Level Annotations

Branches:
Dungeon (13/15)            Temple (1/1) D:7            Lair (6/6) D:8
  Swamp (4/4) Lair:4       Spider (0/4) Lair:3        Slime (0/5) Lair:6
    Orc (2/2) D:11            Elf (0/3) Orc:2        Vaults (0/5) D:13
 Bailey (visited)

Altars:
Ashenzari
Cheibriados
Dithmenos
Elyvilon
Fedhas
Gozag
Hepliaklqana
Kikubaaqudgha
Makhleb
Nemelex Xobeh
Okawaru
Qazlal
Ru
Sif Muna
Trog
Uskayaw
Vehumet
Wu Jian
Xom
Yredelemnul
Zin
The Shining One
Beogh

Shops:
D:2 ?=*:   Orc:2 ![([

Portals:
Abyss: Lair:4

Annotations:
D:5 3 runed translucent doors, Mandevil's ghost, novice SpAM
D:10 Urug
Lair:1 2 transporters, Tesyduf's ghost, journeyman DgDe
Lair:3 3 runed translucent doors, exclusion: oklob plant, Gargoyl's ghost, journeyman GrAK
Lair:4 2 transporters, Morbidden's ghost, journeyman MiFi
Lair:5 Nessos
Lair:6 exclusion: obsidian statue
Swamp:4 Mara


Innate Abilities, Weirdness & Mutations

You are mostly covered in yellow scales. (AC +3)
A powerful demonic guardian rushes to your aid.
Your demonic aura often causes spilled blood to erupt in flames.
You have a sharp stinger which inflicts weakening toxins.


Message History

Agony's illusion closely misses you.
You slice the swamp worm like a ripe choko!!!
You freeze the swamp worm!
You kill the swamp worm!
Dithmenos accepts your kill.
Agony's illusion hits you but does no damage.
Mara hits you with a +2 demon whip of draining!
You partially resist.
You feel drained.
You closely miss Mara.
Your shadow hits Mara with a triple sword!!
You hear a crashing sound.
Agony's illusion hits you!!
You emit a cloud of dark smoke.
Agony's illusion freezes you!
* * * LOW HITPOINT WARNING * * *
Mara hits you with a +2 demon whip of draining.
* * * LOW HITPOINT WARNING * * *
You partially resist.
You feel better.
Your surroundings suddenly seem different.
Splash!
You fall into the shallow water.
Moving in this stuff is going to be slow.
The goliath frog hits you but does no damage.
The bunyip claws you!!
* * * LOW HITPOINT WARNING * * *
A demonic guardian appears!
The bunyip barely misses you. The bunyip misses you.
Aiming: Shadow Step
Press: ? - help, Dir - move target, f - swamp worm
Aim: a swamp worm (heavily wounded, umbra)
You step into the swamp worm's shadow.
The swamp worm completely misses you.
Your unstable footing causes you to fumble your attack.
The goliath frog hits your sun demon!!
Your sun demon is splashed with acid.
The swamp worm bites you.
* * * LOW HITPOINT WARNING * * *
Your sun demon misses the goliath frog.
You hear a crashing sound.
Your unstable footing causes you to fumble your attack.
The goliath frog misses your sun demon. The swamp worm bites you!!
You die...

../ ≈.. ♣♣♣♣♣♣♣ .≈.
♣≈.≈.≈♣♣ ≈≈.
♣.≈≈≈♣≈♣♣ ≈. ≈!.
♣♣≈≈≈...≈♣♣♣.. ≈..
♣♣.≈≈.≈≈≈.≈≈... ≈.♣
♣♣:≈≈≈≈≈≈§≈≈≈≈.. ♣
♣.≈≈w@≈3Fx≈≈≈≈§≈.≈.
♣.≈§≈≈≈≈≈≈≈≈≈≈≈≈≈.♣.
♣♣..≈≈≈≈≈≈≈≈≈≈≈≈..≈
♣♣♣≈≈≈≈≈≈≈§≈≈≈≈.≈
♣≈≈≈≈≈§≈§≈≈≈§♣
♣≈.≈≈≈≈§§§§§.♣
♣♣♣....§§§§≈.♣
≈≈§≈.♣♣§§§§♣♣ ♣≈≈≈≈.
♣♣♣♣♣♣


You could see a bunyip (ally target), a goliath frog, a swamp worm and a
friendly sun demon (summoned).

Vanquished Creatures
  A fenstrider witch (Swamp:2)
  An orc warlord (Orc:2)
  3 eleionomae
  4 bunyips
  4 dire elephants (Lair:6)
  A fire dragon (Lair:6)
  A boulder beetle (D:11)
  12 hydras
  2 catoblepae (Lair:6)
  Erica (Lair:1)
  2 ghost crabs
  4 two-headed ogres
  A centaur warrior (D:12)
  2 alligators
  7 death yaks
  Sonja (D:12)
  Nergalle (D:10)
  A spectral anaconda (Lair:6)
  4 goliath frogs
  5 bog bodies
  4 swamp dragons
  2 spriggan druids (Swamp:3)
  Pikel (D:7)
  4 orc knights
  4 necromancers (Lair:6)
  A wolf spider (Lair:6)
  An orc sorcerer (Orc:2)
  2 manticores
  3 will-o-the-wisps
  9 elephants (Lair:6)
  Joseph (D:7)
  A dire elephant zombie (Lair:6)
  4 black mambas
  A gargoyle (D:12)
  3 kobold demonologists (D:11)
  15 cane toads
  5 torpor snails
  Maggie (Lair:1)
  A dire elephant skeleton (Lair:6)
  An unseen horror (D:12)
  10 rime drakes (Lair:6)
  7 komodo dragons
  A polar bear (Lair:2)
  9 trolls
  Grinder (D:4)
  5 tyrant leeches
  6 hornets
  8 slime creatures
  A tarantella (Lair:3)
  23 blink frogs
  8 dream sheep
  3 shadows
  Sigmund (D:3)
  4 spriggans
  51 yaks
  4 basilisks
  2 wraiths
  3 wyverns
  A death yak simulacrum (Lair:6)
  7 steam dragons
  A spectral cane toad (Lair:6)
  12 vampire mosquitoes
  6 wargs (Orc:1)
  13 swamp worms
  9 water moccasins
  Edmund (D:5)
  Menkaure (D:4)
  3 acid dragons
  22 orc warriors
  A sky beast (D:8)
  An ice beast (D:7)
  2 elephant zombies (Lair:6)
  A swamp drake (Swamp:3)
  A black bear (Lair:4)
  31 wolves
  6 ogres
  9 centaurs
  A phantom (D:7)
  2 lemures (D:7)
  10 bullfrogs
  2 gnoll sergeants (D:7)
  5 kobold brigands
  A necrophage (D:7)
  2 cane toad simulacra (Lair:6)
  2 scorpions
  4 wights (D:7)
  A killer bee (D:10)
  5 electric eels
  2 gnoll shamans (D:7)
  5 jellies
  3 hounds
  18 orc priests
  4 iguanas
  27 orc wizards
  5 adders
  23 gnolls
  A shadow imp (D:6)
  A white imp (D:6)
  A dart slug (D:2)
  104 orcs
  7 endoplasms
  7 goblins
  5 hobgoblins
  2 quokkas
  10 ball pythons
  4 bats
  7 frilled lizards
  38 kobolds
  3 rats
  2 bushes (D:4)
711 creatures vanquished.

Vanquished Creatures (collateral kills)
  Gastronok (Lair:1)
  A dire elephant (Lair:6)
  A hydra (Lair:5)
  A death yak (Lair:4)
  4 elephants (Lair:6)
  A rime drake (Lair:6)
  A troll (D:10)
  A hornet (D:9)
  5 slime creatures (D:12)
  3 yaks (Lair:6)
  2 vampire mosquitoes (D:11)
  A swamp worm (Swamp:1)
  A warg (Orc:2)
  An acid dragon (D:12)
  3 orc warriors
  A gnoll sergeant (D:9)
  2 orc priests (Orc:2)
  2 adders (D:2)
  6 gnolls
  11 orcs
49 creatures vanquished.

Vanquished Creatures (others)
  A hydra (Swamp:1)
  2 bloated husks (Swamp:1)
  A swamp drake (Swamp:3)
  2 orcs (D:6)
  A bush (Lair:6)
  15 foxfires
  53 fungi
  83 plants
  22 withered plants (Lair:6)
180 creatures vanquished.

Grand Total: 940 creatures vanquished

Notes
Turn   | Place    | Note
-------+----------+-------------------------------------------
     0 | D:1      | Agony the Demonspawn Gladiator began the quest for the Orb.
     0 | D:1      | Reached XP level 1. HP: 16/16 MP: 1/1
   240 | D:1      | Gained mutation: A weak demonic guardian rushes to your
                  | aid. [demonic ancestry]
   240 | D:1      | Reached XP level 2. HP: 22/22 MP: 2/2
   999 | D:2      | Found Fieh's Assorted Antiques.
  1002 | D:2      | Found Fomuko's Book Shop.
  1004 | D:2      | Bought a scroll of identify for 48 gold pieces
  1050 | D:2      | Gained mutation: You have a small tail. [demonic ancestry]
  1050 | D:2      | Reached XP level 3. HP: 27/28 MP: 3/3
  1182 | D:2      | Found Jerepawu's Jewellery Emporium.
  1536 | D:2      | Found a faded altar of an unknown god.
  1733 | D:2      | Found Udebb's Magic Scroll Shoppe.
  1737 | D:2      | Bought a scroll of identify for 26 gold pieces
  1737 | D:2      | Bought a scroll of identify for 26 gold pieces
  2057 | D:3      | Noticed Sigmund
  2355 | D:3      | Gained mutation: A demonic guardian rushes to your aid.
                  | [demonic ancestry]
  2355 | D:3      | Reached XP level 4. HP: 34/34 MP: 4/4
  2527 | D:3      | Reached skill level 1 in Armour
  2754 | D:3      | Gained mutation: You are partially covered in yellow
                  | scales. (AC +2) [demonic ancestry]
  2754 | D:3      | Reached XP level 5. HP: 10/40 MP: 5/5
  3258 | D:3      | Killed Sigmund
  3259 | D:3      | Reached XP level 6. HP: 44/47 MP: 6/6
  3797 | D:4      | Noticed Grinder
  3820 | D:4      | Paralysed by Grinder for 2 turns
  3828 | D:4      | Killed Grinder
  3829 | D:4      | Reached XP level 7. HP: 51/53 MP: 7/7
  3981 | D:4      | Noticed Menkaure
  3985 | D:4      | Killed Menkaure
  4638 | D:5      | Entered Level 5 of the Dungeon
  4985 | D:5      | Noticed Edmund
  5001 | D:5      | Killed Edmund
  5008 | D:5      | HP: 2/55 [poisoned by Edmund]
  5331 | D:5      | Identified the +1 pair of boots of Fainaq {Contam rN++
                  | Dex+4 Slay+3}
  5350 | D:5      | Found a snail-covered altar of Cheibriados.
  5351 | D:5      | Found an iron altar of Okawaru.
  5351 | D:5      | Found a hide-covered altar of Uskayaw.
  5353 | D:5      | Found a sparkling altar of Nemelex Xobeh.
  5493 | D:5      | Found a runed translucent gate.
  5494 | D:5      | Found a runed translucent gate.
  5494 | D:5      | Found a runed translucent gate.
  5508 | D:5      | Noticed Mandevil's ghost (novice SpAM)
  6111 | D:6      | Noticed a steam dragon
  6190 | D:6      | Noticed a yak
  6190 | D:6      | Noticed a yak
  6190 | D:6      | Noticed a yak
  6190 | D:6      | Noticed a yak
  6190 | D:6      | Noticed a yak
  6204 | D:6      | Killed a yak
  6205 | D:6      | Reached XP level 8. HP: 49/61 MP: 8/8
  6217 | D:6      | Reached skill level 5 in Polearms
  6217 | D:6      | Reached skill level 5 in Dodging
  6226 | D:6      | Reached skill level 5 in Fighting
  6643 | D:6      | You fall into a shaft and drop 2 floors!
  6665 | D:8      | Reached skill level 5 in Throwing
  6782 | D:8      | Gained mutation: You are mostly covered in yellow scales.
                  | (AC +3) [demonic ancestry]
  6782 | D:8      | Reached XP level 9. HP: 68/68 MP: 9/9
  7011 | D:8      | Found a staircase to the Lair.
  7036 | D:8      | Found a flagged portal.
  7088 | D:8      | Found a burning altar of Makhleb.
  7168 | D:8      | Reached skill level 5 in Armour
  7251 | Bailey   | Entered a bailey
  7279 | Bailey   | Noticed an orc knight
  7419 | D:8      | Reached skill level 1 in Long Blades
  7782 | D:7      | Reached skill level 2 in Long Blades
  7820 | D:7      | Found a staircase to the Ecumenical Temple.
  7853 | D:7      | Reached skill level 3 in Long Blades
  7869 | Temple   | Entered the Ecumenical Temple
  8415 | Temple   | Became a worshipper of Dithmenos the Shadowed
  8606 | D:7      | Gained mutation: You have a tail ending in a sharp stinger.
                  | [demonic ancestry]
  8606 | D:7      | Reached XP level 10. HP: 77/77 MP: 10/10
  8915 | D:7      | Noticed a two-headed ogre
  8928 | D:7      | Killed a two-headed ogre
  8929 | D:7      | Reached skill level 4 in Long Blades
  9084 | D:7      | Noticed Joseph
  9104 | D:7      | Killed Joseph
  9105 | D:7      | Reached skill level 5 in Long Blades
  9232 | D:7      | Noticed Pikel
  9248 | D:7      | Killed Pikel
  9830 | D:6      | Reached skill level 6 in Long Blades
  9877 | D:6      | Reached * piety under Dithmenos
 10114 | D:9      | Paralysed by a hornet for 2 turns
 10335 | D:9      | Found a sacrificial altar of Ru.
 10524 | D:9      | Noticed a two-headed ogre
 10530 | D:9      | Killed a two-headed ogre
 10531 | D:9      | Reached skill level 7 in Long Blades
 11121 | D:9      | Identified the +5 dagger of Armageddon {freeze, rN+ MP+9
                  | Int+3 SInv}
 11204 | D:9      | Identified the amulet "Idaz" {Acrobat Regen+ Str+4}
 11407 | D:10     | Entered Level 10 of the Dungeon
 11421 | D:10     | Reached XP level 11. HP: 79/87 MP: 11/11
 11439 | D:10     | Reached skill level 8 in Long Blades
 12317 | D:10     | Noticed Urug
 12318 | D:10     | Reached ** piety under Dithmenos
 12845 | Lair:1   | Entered Level 1 of the Lair of Beasts
 13105 | Lair:1   | Noticed Erica
 13126 | Lair:1   | Killed Erica
 13127 | Lair:1   | Reached skill level 9 in Long Blades
 13532 | Lair:1   | Found a transporter.
 13534 | Lair:1   | Noticed Tesyduf's ghost (journeyman DgDe)
 13634 | Lair:1   | Noticed Gastronok
 13784 | Lair:1   | Killed Gastronok
 13833 | Lair:1   | Found a transporter.
 13932 | Lair:1   | You fall into a shaft and drop 1 floor!
 13948 | Lair:2   | Reached skill level 10 in Fighting
 13949 | Lair:2   | Reached skill level 10 in Long Blades
 13993 | Lair:2   | Found a gate leading to a gauntlet.
 14185 | Lair:1   | Noticed Maggie
 14207 | Lair:1   | Killed Maggie
 14814 | Lair:2   | Gained mutation: A powerful demonic guardian rushes to your
                  | aid. [demonic ancestry]
 14814 | Lair:2   | Reached XP level 12. HP: 98/98 MP: 12/12
 14905 | Lair:2   | Reached skill level 11 in Long Blades
 15806 | Lair:3   | Reached skill level 12 in Long Blades
 15821 | Lair:3   | Reached *** piety under Dithmenos
 15868 | Lair:3   | Found a hole to the Spider Nest.
 15907 | Lair:3   | Found a runed translucent gate.
 15907 | Lair:3   | Found a runed translucent gate.
 15907 | Lair:3   | Found a runed translucent gate.
 16027 | Lair:3   | Noticed Gargoyl's ghost (journeyman GrAK)
 16298 | Lair:3   | Noticed a minotaur
 16392 | Lair:4   | Noticed a four-headed hydra
 16392 | Lair:4   | Found a staircase to the Swamp.
 16578 | Lair:4   | Noticed a death yak
 16578 | Lair:4   | Noticed a death yak
 16578 | Lair:4   | Noticed a death yak
 16578 | Lair:4   | Noticed a death yak
 16578 | Lair:4   | Noticed a death yak
 16586 | Lair:3   | Killed a death yak
 16721 | Lair:4   | Killed a death yak
 16866 | Lair:2   | Killed a death yak
 17256 | Lair:3   | Killed a one-headed hydra
 17417 | Lair:4   | Noticed a four-headed hydra
 17428 | Lair:4   | Killed a one-headed hydra
 17429 | Lair:4   | Reached skill level 13 in Long Blades
 17503 | Lair:4   | Found a transporter.
 17544 | Lair:4   | Found a one-way gate to the infinite horrors of the Abyss.
 17544 | Lair:4   | Noticed Morbidden's ghost (journeyman MiFi)
 17554 | Lair:4   | Found a transporter.
 17656 | Lair:4   | Noticed a four-headed hydra
 17665 | Lair:4   | Killed a one-headed hydra
 17697 | Lair:4   | Reached XP level 13. HP: 98/108 MP: 13/13
 17760 | Lair:4   | Identified the amulet "Fytiraap" {Spirit SInv Stlth+}
 18433 | Lair:5   | Noticed Nessos
 18527 | Lair:6   | Entered Level 6 of the Lair of Beasts
 18585 | Lair:6   | Reached skill level 14 in Long Blades
 18603 | Lair:6   | Reached **** piety under Dithmenos
 19020 | Lair:6   | Reached skill level 15 in Long Blades
 19105 | Lair:6   | Reached ***** piety under Dithmenos
 19130 | Lair:6   | Found a staircase to the Slime Pits.
 19285 | Lair:6   | Gained mutation: Your demonic aura sometimes causes spilled
                  | blood to erupt in flames. [demonic ancestry]
 19285 | Lair:6   | Reached XP level 14. HP: 118/118 MP: 14/14
 19875 | Lair:6   | Identified the +2 arbalest "Ivvatae" {flame, rCorr Str+3
                  | Int+2}
 19877 | Lair:6   | Identified the ring "Cahutor" {Wiz Will+}
 20046 | Lair:6   | Reached skill level 16 in Long Blades
 21827 | D:10     | Found a broken altar of Ashenzari.
 21833 | D:10     | Found a basalt altar of Yredelemnul.
 22071 | D:10     | Reached skill level 17 in Long Blades
 22258 | D:10     | Noticed Nergalle
 22710 | D:10     | Killed Nergalle
 23402 | D:11     | Found a staircase to the Orcish Mines.
 23552 | D:11     | Reached ****** piety under Dithmenos
 24041 | D:12     | Noticed Sonja
 24051 | D:12     | Reached skill level 15 in Fighting
 24051 | D:12     | Gained mutation: Your demonic aura often causes spilled
                  | blood to erupt in flames. [demonic ancestry]
 24051 | D:12     | Reached XP level 15. HP: 122/129 MP: 15/15
 24055 | D:12     | Killed Sonja
 24906 | D:13     | Found a gate to the Vaults.
 24972 | Orc:1    | Entered Level 1 of the Orcish Mines
 25150 | Orc:1    | You fall into a shaft and drop 1 floor!
 25150 | Orc:2    | Entered Level 2 of the Orcish Mines
 25159 | Orc:2    | Noticed an orc warlord
 25799 | Orc:2    | Found Viqulim's Distillery.
 25973 | Orc:2    | Killed an orc warlord
 26185 | Orc:2    | Found Suki's Antique Armour Boutique.
 26200 | Orc:2    | Bought the +0 mask of the Dragon {Will+ Slay+3 SInv} for
                  | 868 gold pieces
 26200 | Orc:2    | Found the +0 mask of the Dragon {Will+ Slay+3 SInv}
 26306 | Orc:2    | Found a staircase to the Elven Halls.
 26326 | Orc:2    | Found Qyvix's Antique Armour Shoppe.
 26335 | Orc:2    | Found Neytz's Antique Weapon Emporium.
 27074 | Swamp:1  | Entered Level 1 of the Swamp
 27161 | Swamp:1  | Reached skill level 18 in Long Blades
 27817 | Swamp:2  | Noticed a fenstrider witch
 27848 | Swamp:2  | Killed a fenstrider witch
 28379 | Swamp:2  | You fall into a shaft and drop 1 floor!
 28963 | Swamp:3  | Gained mutation: You have a sharp stinger which inflicts
                  | weakening toxins. [demonic ancestry]
 28963 | Swamp:3  | Reached XP level 16. HP: 138/138 MP: 16/16
 29118 | Swamp:4  | Entered Level 4 of the Swamp
 29125 | Swamp:4  | Noticed Mara
 29126 | Swamp:4  | Noticed Agony's illusion
 29132 | Swamp:4  | HP: 3/137 [swamp worm (3)]
 29133 | Swamp:4  | Demolished by a swamp worm

Illustrated notes

Levels and vault maps discovered:
D:1:      amcnicky_arrival_underground_garden, layout_basic
D:2:      layout_basic, serial_shops, nicolae_diamond_shop,
          nicolae_shop_crystal, shop, nicolae_square_shop,
          ebering_ecumenical_altar_mist
D:3:      layout_basic, kennysheep_generic_room_9, uniq_sigmund
D:4:      nicolae_cairo_tiling_very_big, layout_gridville, serial_forest,
          infiniplex_forest_clump_small, infiniplex_forest_zigzag_1,
          infiniplex_forest_clump_C, infiniplex_forest_end_double,
          infiniplex_forest_end_2, infiniplex_forest_end_3, uniq_grinder,
          uniq_menkaure
D:5:      layout_basic, chequers_temple_overflow_statue_of_worship,
          ebering_ghost_rock_garden, minmay_misc_feat_doors,
          lightli_corner_chamber, uniq_edmund
D:6:      layout_loops_ring, serial_bayou_lagoon_b
D:7:      layout_loops_ring, minmay_temple_entry_mini_moons,
          grunt_decor_junction, uniq_joseph, uniq_pikel
D:8:      layout_basic, nicolae_overflow_crystal_walls, lair_entry_dummy,
          enter_bailey_8
D:9:      layout_roguey, mainiacjoe_overflow_small_starburst
D:10:     layout_stronghold, ashenzari_altar_1, mainiacjoe_overflow_alcove_2,
          minmay_misc_feat_roman, minmay_circle_x, uniq_urug, uniq_nergalle
D:11:     layout_irregular_city, orc_0_dummy
D:12:     layout_basic, special_room [special_room_orc], uniq_sonja
D:13:     minmay_tearing_corner, layout_irregular_city, david_vaults_3
Temple:   minmay_temple_curvy_branch
Lair:1:   layout_long_grid, gammafunk_ghost_berserking_beasts,
          lemuel_fruit_tree, infiniplex_staircase_pool_2, uniq_gastronok,
          uniq_erica, uniq_maggie
Lair:2:   layout_misc_corridors, gauntlet_entry_generic, beast_lair_carwin_2,
          grunt_megastairs_2
Lair:3:   layout_hall_layers, spider_nest_entry_rubble,
          maelrawn_ghost_gauntlet_escape, nicolae_volcano_entry_s_turn,
          minmay_lair_oklob_bushes
Lair:4:   layout_roguey, minmay_swamp_entry_reptiles,
          gammafunk_ghost_abyssal_escape, infiniplex_staircase_pool
Lair:5:   layout_regular_city, nicolae_quartered_pool_super, uniq_nessos
Lair:6:   due_jungle_book, layout_regular_city, nicolae_slime_entry_slimehenge,
          bobbens_dragon_lair_wall
Swamp:1:  layout_falls_marsh, evilmike_swamp_ruin_house_5, swamp_pool3
Swamp:2:  layout_basic_swamp, evilmike_swamp_ruin_house_1, swamp_pool1
Swamp:3:  layout_falls_marsh, serial_swamp_ruin, evilmike_swamp_ruin_house_4,
          evilmike_swamp_ruin_house_6
Swamp:4:  byrel_swamp_growth_death_and_undeath, layout_basic_swamp,
          nicolae_swamp_soggy_hallways, uniq_mara
Orc:1:    layout_diamond_mine, nooodl_orcs_dogs
Orc:2:    grunt_orc_community_town_hall, layout_diamond_mine,
          grunt_orc_community_big_house_2, grunt_orc_community_big_house_2,
          grunt_orc_community_house_2, grunt_orc_community_house_1,
          grunt_orc_community_house_3, grunt_orc_community_house_3,
          grunt_orc_community_house_3

Skill      XL: |  1  2  3  4  5  6  7  8  9 10 11 12 13 14 15 |
---------------+----------------------------------------------+-----
Throwing       | 2 3 4 5 |  5.8
Polearms       | 3 4 5 6 |  6.2
Dodging        | 3 4 5 6 7 |  7.7
Armour         | 1 2 3 4 5 6 |  6.9
Fighting       | 3 4 5 6 8 10 12 13 15 | 15.8
Long Blades    | 3 7 10 13 15 17 18 | 18.6

Action                   |  1- 3 |  4- 6 |  7- 9 | 10-12 | 13-15 | 16-18 || total
-------------------------+-------+-------+-------+-------+-------+-------++-------
Melee: Trident           |   121 |    66 |   459 |   332 |       |       ||   978
       Tailslap          |     3 |     2 |    90 |   102 |   201 |       ||   398
       Punch             |     1 |       |     8 |     9 |    13 |       ||    31
       Scimitar          |       |       |       |   346 |   605 |       ||   951
       Triple sword      |       |       |       |       |   527 |     9 ||   536
Throw: Throwing net      |     1 |     4 |       |       |       |       ||     5
       Javelin           |       |     2 |       |       |       |       ||     2
Invok: Shadow Step       |       |       |       |       |       |     1 ||     1
Evoke: Wand              |       |       |     5 |    21 |     2 |       ||    28
  Use: Scroll            |     5 |     3 |     2 |    14 |    18 |     2 ||    44
       Potion            |     2 |       |       |     5 |     4 |     1 ||    12
 Stab: Invisible         |       |       |       |     2 |       |       ||     2
       Petrified         |       |       |       |       |     3 |       ||     3
       Distracted        |       |       |       |       |     3 |       ||     3
       Sleeping          |       |       |       |       |     2 |       ||     2
Armor: Leather armour    |    13 |       |       |       |       |       ||    13
       Chain mail        |    36 |     7 |       |       |       |       ||    43
       Skin              |    12 |       |       |       |       |       ||    12
       Ring mail         |       |    13 |   142 |   261 |       |       ||   416
       Swamp dragon scal |       |       |       |    10 |   464 |     3 ||   477
Dodge: Dodged            |    44 |    28 |   198 |   475 |  1056 |    12 ||  1813

Table legend: (Time is in decaauts)
 A = Elapsed time spent in this place.
 B = Non-inter-level travel time spent in this place.
 C = Inter-level travel time spent in this place.
 D = Time resting spent in this place.
 E = Time spent auto-exploring this place.
 F = Levels seen in this place.
 G = Mean time per level.
                   A        B        C        D        E       F      G
               +--------+--------+--------+--------+--------+-----+--------+
         Total |  29156 |  26966 |   2190 |   6179 |  12809 |  27 | 1079.9 |
       Dungeon |  15635 |  14608 |   1027 |   3694 |   7328 |  13 | 1202.7 |
        Temple |    557 |    314 |    243 |      0 |    248 |   1 |  557.0 |
          Lair |   8840 |   8217 |    623 |   1930 |   3156 |   6 | 1473.3 |
         Swamp |   2172 |   2096 |     76 |    452 |   1025 |   4 |  543.0 |
  Orcish Mines |   1910 |   1691 |    219 |    102 |   1044 |   2 |  955.0 |
        Bailey |     38 |     38 |      0 |      0 |      6 |   1 |   38.0 |
               +--------+--------+--------+--------+--------+-----+--------+

Top non-repeatable levels by time:
  Lair:6: 2936 daAuts
    D:10: 1992 daAuts
  Lair:3: 1979 daAuts
  Lair:1: 1776 daAuts
     D:9: 1773 daAuts
     D:3: 1574 daAuts
     D:5: 1513 daAuts
     D:8: 1215 daAuts
   Orc:2: 1207 daAuts
     D:7: 1178 daAuts
     D:6: 1104 daAuts
    D:11: 1098 daAuts
    D:12: 1081 daAuts
     D:4: 1075 daAuts
     D:2: 1050 daAuts
